 Dungeon Crawl Stone Soup version 0.24.1-14-gf8d2b509d9 (webtiles) character file.

Game seed: 9694941745821777854, levelgen mode: deterministic

773 lepoulpe303 the Chopper (level 7, -1/66 HPs)
             Began as a Deep Dwarf Monk on May 27, 2020.
             Was a Believer of Makhleb.
             Killed by divine providence
             ... invoked by an orc priest
              (11 damage)
             ... on level 5 of the Dungeon.
             The game lasted 00:16:39 (3970 turns).

lepoulpe303 the Chopper (Deep Dwarf Monk)           Turns: 3970, Time: 00:16:39

Health: -1/66      AC:  9    Str: 17      XL:     7   Next: 53%
Magic:  7/7        EV:  4    Int: 10      God:    Makhleb [**....]
Gold:   201        SH: 12    Dex: 14 (15) Spells: 6/6 levels left

rFire    . . .     SeeInvis .   a - +0 war axe
rCold    . . .     Gourm    .   r - +0 large shield
rNeg     . . .     Faith    .   n - +0 chain mail
rPois    .         Spirit   .   (no helmet)
rElec    .         Reflect  .   (no cloak)
rCorr    .         Harm     .   (no gloves)
MR       +....                  (no boots)
Stlth    ..........             (no amulet)
HPRegen  0.00/turn              (no ring)
MPRegen  0.10/turn              (no ring)

@: non-regenerating
A: damage resistance, heal wounds, sense surroundings 1, no regeneration
a: Heal Wounds, Minor Destruction, Renounce Religion


You were on level 5 of the Dungeon.
You worshipped Makhleb.
Makhleb was pleased with you.
You were not hungry.

You visited 2 branches of the dungeon, and saw 6 of its levels.

You collected 201 gold pieces.

Inventory:

Hand Weapons
 a - a +0 war axe (weapon)
 b - a +0 hunting sling
Missiles
 j - 3 curare-tipped darts (quivered)
 t - 32 sling bullets
 y - 9 boomerangs
 Q - 87 stones
Armour
 i - a +0 leather armour
 k - a +0 robe
 n - a +0 chain mail (worn)
 r - a +0 large shield (worn)
Jewellery
 f - an uncursed ring of fire {unknown}
 x - an uncursed ring of protection from cold {unknown}
 B - an uncursed amulet of guardian spirit {unknown}
Wands
 D - a wand of paralysis (4)
Scrolls
 d - 2 scrolls of teleportation {unknown}
 g - 3 scrolls of remove curse {unknown}
 h - 3 scrolls of fog {unknown}
 l - 3 scrolls of identify {unknown}
 o - a scroll of random uselessness {unknown}
 q - a scroll of noise {unknown}
 u - a scroll of blinking {unknown}
 w - 3 scrolls of fear {unknown}
Potions
 c - 3 potions of ambrosia {unknown}
 m - a potion of haste {unknown}
 p - 2 potions of heal wounds {unknown}
 s - a potion of lignification {unknown}
 v - a potion of mutation {unknown}
 z - 2 potions of curing {unknown}
 A - a potion of flight {unknown}
Comestibles
 e - 11 rations
 C - 6 chunks of flesh


   Skills:
 * Level 4.4 Fighting
 * Level 5.6 Axes
 * Level 4.2 Armour
 + Level 4.6 Dodging
 - Level 2.4 Stealth
 + Level 2.1 Shields
 * Level 3.1 Invocations


You had 6 spell levels left.
You didn't know any spells.
Your spell library contained the following spells:

 Spells                   Type           Power        Failure   Level  Hunger
 Confusing Touch          Hex            #.....       100%        1    ##.....
 Confuse                  Hex            #.......     100%        3    ####...
 Gell's Gravitas          Tloc           #.........   100%        3    ####...
 Petrify                  Tmut/Erth      #.......     100%        4    #####..
 Metabolic Englaciation   Hex/Ice        #.........   100%        5    ######.
 Yara's Violent Unravell  Hex/Tmut       #.........   100%        5    ######.


Dungeon Overview and Level Annotations

Branches:
Dungeon (5/15)             Temple (1/1) D:4

Altars:
Ashenzari
Cheibriados
Dithmenos
Fedhas
Gozag
Hepliaklqana
Kikubaaqudgha
Makhleb
Nemelex Xobeh
Okawaru
Ru
Sif Muna
Trog
Vehumet
Yredelemnul
Zin


Innate Abilities, Weirdness & Mutations

You are resistant to damage.
You can heal yourself by infusing magical energy.
You passively map a small area around you.
You do not regenerate.


Message History

Pain shoots through your body!
* * * LOW HITPOINT WARNING * * *
You take 9 damage, and have 7/66 hp.
You fail to use your ability.
You feel much better.
You regained 15 hp, and now have 22/66 hp.
a - a +0 war axe (weapon)
You slash the orc priest! You closely miss the orc wizard.
The orc priest invokes the aid of Beogh against you.
Beogh smites you!
* * * LOW HITPOINT WARNING * * *
The orc wizard hits you but does no damage.
The orc priest hits you but does no damage.
The orc wizard hits you but does no damage.
You take 12 damage, and have 10/66 hp.
You closely miss the orc priest.
Your shield and chain mail prevent you from hitting the orc wizard.
The orc priest invokes the aid of Beogh against you.
Beogh smites you!
You die...

.........................#.......
.........................##......
.........................##......
........................(##....#+
........................(##....#,
........................(##[####
........................(##.)###.
....................#...#..).....
...............@o..#...#....##..
#...........###oo.#...#....##..
...........# #.w.#...#.....#..
..........# #...#...#.....##. *
.........# #...#...####...#. ,
........# #.[.#...####+#.#.
####### #...#,........... , ,
..((.,........#..
..(..........รท..>


You could see 2 orc priests, an orc wizard and a dart slug.

Levels and vault maps discovered:
D:1:      ncdulo_wetmaze, layout_loops_ring, nrook_loot_triangle
D:2:      layout_loops_ring, old_standard_altar, fedhas_altar_2, uniq_terence
D:3:      layout_loops_ring, old_standard_altar, lemuel_blue_sif_altar,
          nicolae_ru_the_path_less_chosen
D:4:      layout_rooms, demons_altar, kennysheep_little_box,
          yredelemnul_forgotten_temple_becter, minmay_temple_entry_antechambers,
          hangedman_decor_riveting, grunt_decor_cap, serial_bayou_pond_d,
          serial_bayou_lagoon_b
D:5:      layout_basic, first_ration
Temple:   nicolae_temple_figure_zero

Notes
Turn   | Place    | Note
-------+----------+-------------------------------------------
     0 | D:1      | lepoulpe303 the Deep Dwarf Monk began the quest for the
                  | Orb.
     0 | D:1      | Reached XP level 1. HP: 20/20 MP: 1/1
    96 | D:1      | Identified a +0 club
   159 | D:1      | Identified a +0 dagger
   167 | D:1      | Reached XP level 2. HP: 27/27 MP: 2/2
   169 | D:1      | Identified a +0 club
   173 | D:1      | Reached skill level 1 in Armour
   278 | D:1      | Identified a +0 leather armour (You found it on level 1 of
                  | the Dungeon)
   324 | D:1      | Identified a +0 club
   630 | D:1      | Identified a +0 club
   638 | D:1      | Reached skill level 3 in Fighting
   657 | D:1      | Identified a +0 hand axe
   811 | D:2      | You fall into a shaft and drop 2 floors!
   816 | D:4      | Found a burning altar of Makhleb.
   842 | D:4      | HP: 5/28 [iron imp (6)]
   852 | D:4      | Reached XP level 3. HP: 11/34 MP: 3/3
   901 | D:3      | Identified a +0 hunting sling
   944 | D:3      | Reached skill level 4 in Axes
   958 | D:2      | Identified a +2 falchion of electrocution
   958 | D:2      | Identified a +0 chain mail
   958 | D:2      | Noticed Terence
   965 | D:2      | HP: 4/34 [Terence/+2 falchion of electrocution (18)]
   971 | D:2      | Killed Terence
   971 | D:2      | Reached skill level 2 in Armour
   971 | D:2      | Reached XP level 4. HP: 13/42 MP: 3/3
  1013 | D:2      | Found an ancient bone altar of Kikubaaqudgha.
  1048 | D:2      | Found a blossoming altar of Fedhas.
  1174 | D:2      | Identified a cursed -1 club
  1245 | D:2      | Identified a +0 large shield (You found it on level 2 of
                  | the Dungeon)
  1255 | D:2      | Identified a +0 club
  1503 | D:2      | Reached XP level 5. HP: 36/49 MP: 3/3
  1634 | D:2      | Identified a +0 short sword
  1823 | D:3      | Identified a +0 club
  2091 | D:3      | Found a shimmering blue altar of Sif Muna.
  2127 | D:3      | Found a sacrificial altar of Ru.
  2263 | D:3      | Found an opulent altar of Gozag.
  2295 | D:3      | Identified a +0 club
  2300 | D:3      | Reached skill level 4 in Dodging
  2550 | D:4      | Found a staircase to the Ecumenical Temple.
  2563 | Temple   | Entered the Ecumenical Temple
  2779 | D:4      | Reached skill level 3 in Armour
  2792 | D:4      | Became a worshipper of Makhleb the Destroyer
  2792 | D:4      | Reached * piety under Makhleb
  2792 | D:4      | Reached ** piety under Makhleb
  2865 | D:4      | Identified a +0 short sword
  2865 | D:4      | Identified a +0 ring mail
  2906 | D:4      | Identified a +0 dagger
  2906 | D:4      | Identified a +0 robe
  2906 | D:4      | Identified a +0 war axe
  2906 | D:4      | Identified a +1 short sword of holy wrath
  2906 | D:4      | Identified a +0 chain mail
  2924 | D:4      | Reached XP level 6. HP: 28/57 MP: 4/4
  2942 | D:4      | Identified a +0 club
  2944 | D:4      | Identified a +0 halberd
  2946 | D:4      | Identified a +0 flail
  2952 | D:4      | Reached skill level 1 in Shields
  2998 | D:4      | Found a radiant altar of Vehumet.
  3008 | D:4      | Found a basalt altar of Yredelemnul.
  3125 | D:4      | Identified a +0 flail
  3125 | D:4      | Identified a +0 leather armour
  3125 | D:4      | Identified a +0 hand axe
  3141 | D:4      | Identified a +2 dagger of flaming
  3141 | D:4      | Identified a +0 chain mail
  3143 | D:4      | Identified a +0 dagger
  3143 | D:4      | Identified a +0 ring mail
  3274 | D:4      | Identified a +0 giant club
  3278 | D:4      | Reached skill level 4 in Fighting
  3278 | D:4      | Reached skill level 5 in Axes
  3278 | D:4      | Reached skill level 1 in Invocations
  3591 | D:5      | Entered Level 5 of the Dungeon
  3672 | D:5      | Reached skill level 2 in Invocations
  3676 | D:5      | Reached XP level 7. HP: 31/64 MP: 6/6
  3758 | D:5      | Identified a +0 shortbow
  3759 | D:5      | Identified a +0 leather armour
  3763 | D:5      | HP: 12/64 [centaur/arrow (9)]
  3768 | D:5      | Identified a +0 dagger
  3768 | D:5      | Identified a +0 robe
  3769 | D:5      | Identified a +0 hand axe
  3777 | D:5      | Reached skill level 4 in Armour
  3860 | D:5      | Reached skill level 2 in Shields
  3883 | D:5      | Reached skill level 3 in Invocations
  3949 | D:5      | Identified a +0 club
  3949 | D:5      | Identified a +0 leather armour
  3950 | D:5      | Identified a +0 leather armour
  3957 | D:5      | Identified a +0 short sword
  3957 | D:5      | Identified a +0 leather armour
  3958 | D:5      | Identified a +0 dagger
  3958 | D:5      | Identified a +0 robe
  3960 | D:5      | HP: 16/66 [orc priest/nerve-wracking pain (1)]
  3961 | D:5      | Identified a +0 dagger
  3963 | D:5      | HP: 7/66 [orc priest/nerve-wracking pain (9)]
  3969 | D:5      | HP: 10/66 [orc priest/divine providence (12)]
  3970 | D:5      | Killed from afar by an orc priest

Table legend:
 A = Turns spent in this place as a percentage of turns spent in the entire game.
 B = Non-inter-level travel turns spent in this place as a percentage of non-inter-level travel turns spent in the entire game.
 C = Inter-level travel turns spent in this place as a percentage of turns spent in this place.
 D = Turns resting spent in this place as a percentage of non-inter-level travel turns spent in this place.
 E = Turns spent auto-exploring this place as a percentage of non-inter-level travel turns spent in this place.
 F = Non-inter-level travel turns spent in this place divided by the number of levels of this place that you've seen.
                   A       B       C       D       E      F
               +-------+-------+-------+-------+-------+----------------------
         Total | 100.0 | 100.0 |   7.0 |   4.0 |  70.0 | 615.3
       Dungeon |  96.6 |  97.0 |   6.5 |   4.1 |  69.2 | 716.6
        Temple |   3.4 |   3.0 |  19.9 |   0.0 |  99.1 | 109.0
               +-------+-------+-------+-------+-------+----------------------

Table legend:
 A = Kills in this place as a percentage of kills in entire the game.
 B = Kills by you in this place as a percentage of kills by you in the entire game.
 C = Kills by friends in this place as a percentage of kills by friends in the entire game.
 D = Other kills in this place as a percentage of other kills in the entire game.
 E = Experience gained in this place as a percentage of experience gained in the entire game.
 F = Experience gained in this place divided by the number of levels of this place that you have seen.
                   A       B       C       D       E      F
               +-------+-------+-------+-------+-------+----------------------
         Total | 100.0 | 100.0 |   N/A |   N/A | 100.0 | 184.2
       Dungeon | 100.0 | 100.0 |   N/A |   N/A | 100.0 | 221.0
               +-------+-------+-------+-------+-------+----------------------

Skill      XL: |  1  2  3  4  5  6  7 |
---------------+----------------------+-----
Armour         | 1 2 3 4 |  4.2
Fighting       | 3 4 |  4.4
Axes           | 4 5 |  5.6
Dodging        | 4 |  4.6
Shields        | 1 2 |  2.1
Invocations    | 2 3 |  3.1
Stealth        | |  2.4

Action                   |  1- 3 |  4- 6 |  7- 9 || total
-------------------------+-------+-------+-------++-------
Melee: Hand axe          |    54 |   158 |       ||   212
       War axe           |       |    48 |    90 ||   138
 Fire: Hunting sling     |       |    62 |    17 ||    79
Throw: Dart              |     7 |    13 |       ||    20
 Abil: Heal Wounds       |     3 |     1 |     2 ||     6
Evoke: Wand              |       |       |     2 ||     2
 Stab: Sleeping          |     3 |       |       ||     3
  Eat: Chunk             |       |     5 |     2 ||     7
       Ration            |       |     1 |       ||     1
Armor: Leather armour    |     4 |       |       ||     4
       Robe              |     2 |       |       ||     2
       Chain mail        |       |   111 |   122 ||   233
Dodge: Dodged            |    37 |    41 |    24 ||   102
Block: Large shield      |       |    94 |   122 ||   216

Vanquished Creatures
  A necrophage (D:5)
  An ogre (D:4)
  A centaur (D:5)
  A howler monkey (D:5)
  A crimson imp (D:5)
  A quasit (D:5)
  3 iron imps (D:4)
  2 orc wizards
  Terence (D:2)
  A worker ant (D:4)
  3 hound skeletons
  3 gnolls (D:4)
  7 adders
  3 worms
  3 dart slugs
  4 leopard geckos
  13 orcs
  A giant cockroach (D:4)
  5 goblins
  5 hobgoblins
  4 jackals
  3 quokkas
  3 ball pythons
  2 bats (D:1)
  3 frilled lizards
  5 kobolds
  A leopard gecko skeleton (D:5)
  A leopard gecko zombie (D:5)
  4 rats
  A spectral orc (D:4)
87 creatures vanquished.
